 Dungeon Crawl Stone Soup version 0.28.0-47-ge53b351184 (webtiles) character file.

Game seed: 5656949680429933639

235 safid the Chopper (level 6, -2/52 HPs)
             Began as a Hill Orc Fighter on May 2, 2022.
             Slain by Terence
             ... wielding a +6 vorpal mace
              (7 damage)
             ... on level 2 of the Dungeon.
             The game lasted 00:02:16 (1640 turns).

safid the Chopper (Hill Orc Fighter)                Turns: 1640, Time: 00:02:17

Health: -2/52      AC: 12    Str: 21    XL:     6   Next: 6%
Magic:  6/6        EV:  9    Int:  8    God:
Gold:   70         SH:  4    Dex: 10    Spells: 5/5 levels left

rFire   . . .      SeeInvis .   a - +0 war axe
rCold   . . .      Faith    .   c - +0 buckler
rNeg    . . .      Spirit   .   b - +0 scale mail
rPois   .          Reflect  .   h - +0 helmet
rElec   .          Harm     .   (no cloak)
rCorr   .          Rampage  .   (no gloves)
Will    .....                   (no boots)
Stlth   ..........              (no amulet)
HPRegen 0.17/turn               g - +4 ring of protection
MPRegen 0.10/turn               (no ring)

@: no status effects
A: no striking features
a: no special abilities


You were on level 2 of the Dungeon.
You visited 1 branch of the dungeon, and saw 2 of its levels.

You collected 70 gold pieces.

Inventory:

Hand Weapons
 a - a +0 war axe (weapon)
Armour
 b - a +0 scale mail (worn)
 c - a +0 buckler (worn)
 h - a +0 helmet (worn)
Jewellery
 g - a +4 ring of protection (left hand)
Scrolls
 f - a scroll of immolation {unknown}
 j - a scroll of torment {unknown}
 k - 3 scrolls of identify {unknown}
Potions
 d - 2 potions of might
 e - 2 potions of mutation {unknown}
 i - a potion of brilliance {unknown}
 l - a potion of haste {unknown}


   Skills:
 - Level 4.0 Fighting
 + Level 6.9 Axes
 - Level 4.0 Armour
 - Level 4.0 Shields


You had 5 spell levels left.
You didn't know any spells.
Your spell library was empty.

Dungeon Overview and Level Annotations

Branches:
Dungeon (2/15)

Altars:
Qazlal

Annotations:
D:2 Terence


Message History

You kill the goblin!
Found a stone staircase leading down.
Terence drinks a potion.
Terence goes berserk!
There is an open door here.
Things that are here:
a +0 dagger; 11 gold pieces You completely miss Terence.
Terence hits you with a +6 vorpal mace! You block Terence's attack.
You slash Terence!
Terence is moderately wounded.
Terence hits you with a +6 vorpal mace. You block Terence's attack.
You hit Terence but do no damage.
Terence is moderately wounded.
Terence hits you with a +6 vorpal mace!
You are too injured to fight recklessly!
You are too injured to fight recklessly!
You are too injured to fight recklessly!
You are too injured to fight recklessly!
You are too injured to fight recklessly!
You are too injured to fight recklessly!
You are too injured to fight recklessly!
You are too injured to fight recklessly!
You are too injured to fight recklessly!
You are too injured to fight recklessly!
You are too injured to fight recklessly!
You are too injured to fight recklessly!
You are too injured to fight recklessly!
You are too injured to fight recklessly!
You are too injured to fight recklessly!
You are too injured to fight recklessly!
You are too injured to fight recklessly!
You are too injured to fight recklessly!
You are too injured to fight recklessly!
Unknown command.
You closely miss Terence.
Terence is moderately wounded.
Terence hits you with a +6 vorpal mace!
* * * LOW HITPOINT WARNING * * *
x2 Terence hits you with a +6 vorpal mace!
You die...

#.8÷.÷..#..# #.#
#..÷....#### #.#
#.#...÷_#######.#
#######.#######.......#
##.........# #########
####....#######
#.....#....(..#
#.##.##..####.#
#†.).....# #@#
#..#.....# #..@......
####..#.#.#.#
#.........
#.....#.#.#.#
#......>..
#.###.#.#.#.#
#......... #.#
....#.#.# #.........
##### #.# #.###
#......... #.... #.#
#.. ########## #.###
#.# ... ####'##


You could see Terence (berserk).

Vanquished Creatures
  Sigmund (D:2)
  Robin (D:2)
  A gnoll (D:1)
  A dart slug (D:1)
  3 ball pythons
  2 bats (D:1)
  2 endoplasms
  A giant cockroach (D:1)
  15 goblins (D:2)
  A hobgoblin (D:1)
  14 jackals
  3 kobolds
  A quokka (D:2)
  5 frilled lizards
  4 rats
55 creatures vanquished.

Notes
Turn   | Place    | Note
-------+----------+-------------------------------------------
     0 | D:1      | safid the Hill Orc Fighter began the quest for the Orb.
     0 | D:1      | Reached XP level 1. HP: 19/19 MP: 1/1
   145 | D:1      | Reached XP level 2. HP: 27/27 MP: 2/2
   156 | D:1      | Reached skill level 3 in Axes
   411 | D:1      | Reached XP level 3. HP: 25/33 MP: 3/3
  1092 | D:2      | Noticed Robin
  1109 | D:2      | Reached XP level 4. HP: 40/40 MP: 4/4
  1122 | D:2      | Killed Robin
  1123 | D:2      | Reached skill level 4 in Axes
  1466 | D:2      | Found a stormy altar of Qazlal.
  1516 | D:2      | Noticed Sigmund
  1527 | D:2      | Killed Sigmund
  1528 | D:2      | Reached skill level 6 in Axes
  1528 | D:2      | Reached XP level 5. HP: 40/46 MP: 5/5
  1528 | D:2      | Reached XP level 6. HP: 45/52 MP: 6/6
  1576 | D:2      | Found a faded altar of an unknown god.
  1634 | D:2      | Noticed Terence
  1640 | D:2      | Slain by Terence

Illustrated notes

Levels and vault maps discovered:
D:1:      kilobyte_arrival_exit_the_forest, layout_rooms
D:2:      layout_basic, shapermc_ecumenical_altar_pompeii, basic_altar,
          amcnicky_mini_rare_corridor_liquid, minmay_tetromino_t2, uniq_robin,
          uniq_sigmund, uniq_terence

Skill      XL: |  1  2  3  4 |
---------------+-------------+-----
Axes           | 3 6 |  6.9
Fighting       | 4 |  4.0
Armour         | 4 |  4.0
Shields        | 4 |  4.0

Action                   |  1- 3 |  4- 6 || total
-------------------------+-------+-------++-------
Melee: War axe           |    94 |    65 ||   159
Armor: Scale mail        |    41 |    31 ||    72
Dodge: Dodged            |    60 |    35 ||    95
Block: Buckler           |    19 |    17 ||    36
